 Dungeon Crawl Stone Soup version 0.29-a0-234-g0dae59b3db (webtiles) character file.

Game seed: 9568526274420505100

280 frimble the Chiller (level 6, 0/44 HPs)
             Began as a Gnoll Ice Elementalist on Mar 4, 2022.
             Slain by an ogre
             ... wielding a +0 giant club
              (14 damage)
             ... on level 4 of the Dungeon.
             The game lasted 00:03:05 (4316 turns).

frimble the Chiller (Gnoll Ice Elementalist)        Turns: 4316, Time: 00:03:06

Health: 0/44       AC:  8    Str: 10    XL:     6   Next: 27%
Magic:  5/14       EV: 13    Int: 14    God:
Gold:   158        SH:  0    Dex: 12    Spells: 8/15 levels left

rFire   . . .      SeeInvis .   l - +3 hand axe
rCold   . . .      Faith    .   (no shield)
rNeg    . . .      Spirit   .   (no body armour)
rPois   .          Reflect  .   q - +2 hat
rElec   .          Harm     .   b - scarf {+Inv}
rCorr   .          Rampage  .   (no gloves)
Will    .....                   (no boots)
Stlth   +++.......              (no amulet)
HPRegen 0.14/turn               (no ring)
MPRegen 0.14/turn               (no ring)

@: ice-armoured, freezing walls
A: fangs 1, strong nose, distributed training
a: Evoke Invisibility


You were on level 4 of the Dungeon.
You visited 1 branch of the dungeon, and saw 4 of its levels.

You collected 158 gold pieces.

Inventory:

Hand Weapons
 d - a +0 dagger
 e - a +0 spear
 l - a +3 hand axe (weapon)
Armour
 a - a +0 robe
 b - a scarf of invisibility (worn)
 n - the +3 scale mail "Maivown" {rC+ Will+ rCorr}
   (You found it on level 4 of the Dungeon)

   rC:        It protects you from cold.
   rCorr:     It protects you from acid and corrosion.
   Will:      It increases your willpower.
 q - a +2 hat (worn)
Scrolls
 g - a scroll of vulnerability
 h - 3 scrolls of identify
 m - a scroll of teleportation
Potions
 c - 2 potions of lignification
 f - 5 potions of curing {unknown}
 i - 2 potions of magic {unknown}
 j - 2 potions of heal wounds {unknown}
 k - a potion of attraction {unknown}
 p - a potion of haste {unknown}


   Skills:
 + Level 1.9 Fighting
 + Level 1.9 Short Blades
 + Level 1.9 Long Blades
 + Level 1.9 Axes
 + Level 1.9 Maces & Flails
 + Level 1.9 Polearms
 + Level 1.9 Staves
 + Level 1.9 Slings
 + Level 1.9 Bows
 + Level 1.9 Crossbows
 + Level 1.9 Throwing
 + Level 1.9 Armour
 + Level 4.9 Dodging
 + Level 4.5 Stealth
 + Level 1.9 Shields
 + Level 1.9 Unarmed Combat
 + Level 5.3 Spellcasting
 + Level 1.5 Conjurations
 + Level 1.5 Hexes
 + Level 1.5 Summonings
 + Level 1.5 Necromancy
 + Level 1.5 Translocations
 + Level 1.5 Transmutations
 + Level 1.5 Fire Magic
 + Level 7.2 Ice Magic
 + Level 1.5 Air Magic
 + Level 1.5 Earth Magic
 + Level 1.5 Poison Magic
 + Level 2.1 Invocations
 + Level 1.9 Evocations


You had 8 spell levels left.
You knew the following spells:

 Your Spells              Type           Power      Damage    Failure   Level
a - Freeze                Ice            96%        1d11      1%          1
b - Frozen Ramparts       Ice            48%        1d6       2%          3
c - Ozocubu's Armour      Ice            24%        N/A       2%          3

Your spell library contained the following spells:

 Spells                   Type           Power      Damage    Failure   Level
 Ensorcelled Hibernation  Hex/Ice        32%        N/A       4%          2
 Passwall                 Tmut/Erth      5%         N/A       14%         2
 Portal Projectile        Hex/Tloc       14%        N/A       26%         3
 Swiftness                Air            7%         N/A       26%         3
 Hailstorm                Conj/Ice       16%        3d6       28%         4
 Ice Form                 Ice/Tmut       16%        N/A       28%         4
 Summon Ice Beast         Ice/Summ       16%        N/A       28%         4
 Blade Hands              Tmut           3%         N/A       94%         5
 Excruciating Wounds      Necr           3%         N/A       94%         5


Dungeon Overview and Level Annotations

Branches:
Dungeon (4/15)
 Temple: D:4-7

Altars:
Elyvilon
Fedhas
Uskayaw

Annotations:
D:3 3 runed translucent doors, exclusion: oklob plant, shoop's ghost, amateur DEAM


Innate Abilities, Weirdness & Mutations

You have very sharp teeth.
Your uncanny sense of smell can sniff out nearby items.
Your experience applies equally to all skills.


Message History

The frozen ramparts melt away as you move.
You feel sick.
You feel sick.
You feel sick.
You feel sick.
You are no longer poisoned.
Found a stone staircase leading up.
An adder comes into view.
The adder moves out of view.
Found 5 gold pieces.
An ogre comes into view. It is wielding a +0 giant club.
Found a scroll of vulnerability.
The ogre moves out of view.
You see here the +3 scale mail "Maivown" {rC+ Will+ rCorr}.
n - the +3 scale mail "Maivown" {rC+ Will+ rCorr} You start removing your armour.
You continue taking off your +0 robe.
The ogre shouts!
You continue taking off your +0 robe. x3
You finish taking off your +0 robe.
You start putting on your armour.
You continue putting on the +3 scale mail "Maivown" {rC+ Will+ rCorr}. x3
The ogre hits you with a +0 giant club!
Keep equipping yourself?
You stop putting on your armour.
* * * LOW HITPOINT WARNING * * *
The adder bites you but does no damage.
A necrophage comes into view.
The adder misses you. The adder bites you but does no damage.
Casting: Ozocubu's Armour (dangerous; 2% risk of failure)
Confirm with . or Enter, or press ? or * to list all spells.
Casting: Frozen Ramparts (dangerous; 2% risk of failure)
Press: ? - help, Dir - look around, f - activate The walls around you are covered in ice.
The wall freezes the adder.
The adder seems to slow down.
The adder misses you.
Casting: Frozen Ramparts (dangerous; 2% risk of failure)
Confirm with . or Enter, or press ? or * to list all spells.
A film of ice covers your body!
The wall freezes the adder!
You kill the adder!
The wall freezes the ogre.
The ogre hits you with a +0 giant club!
You die...

...... ......# #....#
....n.# . ...##
#.....##......#.
#.#...###....##.........
#.#.....#.....#.........
...............#.......
#...##.......O........
###)............@?..#
...............#....#
..............####..#
................# ...#
.##.#..................
# ####.....#..<.$......#
#..##.....###..##.#
#.#..#####..# . ##
..##.....## ..#


You could see an ogre and a necrophage (dormant).

Vanquished Creatures
  2 scorpions
  A hound (D:2)
  A gnoll (D:1)
  4 adders
  2 worms
  A dart slug (D:2)
  5 orcs
  4 bats
  6 endoplasms
  5 giant cockroaches
  4 goblins
  7 hobgoblins
  4 jackals (D:2)
  6 kobolds
  3 quokkas
  11 ball pythons
  4 frilled lizards
  8 rats
78 creatures vanquished.

Vanquished Creatures (others)
  14 toadstools (D:3)
14 creatures vanquished.

Grand Total: 92 creatures vanquished

Notes
Turn   | Place    | Note
-------+----------+-------------------------------------------
     0 | D:1      | frimble the Gnoll Ice Elementalist began the quest for the
                  | Orb.
     0 | D:1      | Reached XP level 1. HP: 13/13 MP: 6/6
   232 | D:1      | Reached XP level 2. HP: 3/20 MP: 3/7
   568 | D:1      | Found a faded altar of an unknown god.
   582 | D:1      | Reached XP level 3. HP: 14/25 MP: 3/9
   584 | D:1      | Reached skill level 5 in Spellcasting
   589 | D:1      | Learned a level 3 spell: Frozen Ramparts
   593 | D:1      | Learned a level 3 spell: Ozocubu's Armour
  1184 | D:1      | Reached skill level 1 in Invocations
  2086 | D:2      | Reached skill level 1 in Fighting
  2086 | D:2      | Reached skill level 1 in Short Blades
  2086 | D:2      | Reached skill level 1 in Long Blades
  2086 | D:2      | Reached skill level 1 in Axes
  2086 | D:2      | Reached skill level 1 in Maces & Flails
  2086 | D:2      | Reached skill level 1 in Polearms
  2086 | D:2      | Reached skill level 1 in Staves
  2086 | D:2      | Reached skill level 1 in Slings
  2086 | D:2      | Reached skill level 1 in Bows
  2086 | D:2      | Reached skill level 1 in Crossbows
  2086 | D:2      | Reached skill level 1 in Throwing
  2086 | D:2      | Reached skill level 1 in Armour
  2086 | D:2      | Reached skill level 1 in Shields
  2086 | D:2      | Reached skill level 1 in Unarmed Combat
  2086 | D:2      | Reached skill level 1 in Evocations
  2364 | D:2      | Reached XP level 4. HP: 31/32 MP: 11/11
  2777 | D:2      | Reached skill level 1 in Conjurations
  2777 | D:2      | Reached skill level 1 in Hexes
  2777 | D:2      | Reached skill level 1 in Summonings
  2777 | D:2      | Reached skill level 1 in Necromancy
  2777 | D:2      | Reached skill level 1 in Translocations
  2777 | D:2      | Reached skill level 1 in Transmutations
  2777 | D:2      | Reached skill level 1 in Fire Magic
  2777 | D:2      | Reached skill level 1 in Air Magic
  2777 | D:2      | Reached skill level 1 in Earth Magic
  2777 | D:2      | Reached skill level 1 in Poison Magic
  3074 | D:3      | Found a white marble altar of Elyvilon.
  3085 | D:3      | Reached XP level 5. HP: 37/37 MP: 9/12
  3405 | D:3      | Found a hide-covered altar of Uskayaw.
  3489 | D:3      | Found a blossoming altar of Fedhas.
  3509 | D:3      | Noticed an oklob plant
  3825 | D:3      | Found a runed translucent gate.
  3825 | D:3      | Found a runed translucent gate.
  3825 | D:3      | Noticed shoop's ghost (amateur DEAM)
  3825 | D:3      | Noticed a kobold brigand
  3827 | D:3      | Found a runed translucent gate.
  4289 | D:4      | Reached XP level 6. HP: 29/44 MP: 7/14
  4301 | D:4      | Identified the +3 scale mail "Maivown" {rC+ Will+ rCorr}
  4316 | D:4      | Slain by an ogre

Illustrated notes

Levels and vault maps discovered:
D:1:      heliophobic_arrival_henge, layout_loops_ring,
          nicolae_ecumenical_snake_handling
D:2:      layout_loops_corners
D:3:      layout_rooms, grunt_temple_overflow_open, tgw_fedhas,
          gammafunk_ghost_nasty_kobolds, small_statue_intersection
D:4:      layout_cave_pools, nicolae_dithmenos_through_a_glass_darkly

Skill      XL: |  1  2  3  4  5 |
---------------+----------------+-----
Spellcasting   | 5 |  5.3
Invocations    | 1 2 |  2.1
Fighting       | 1 |  1.9
Short Blades   | 1 |  1.9
Long Blades    | 1 |  1.9
Axes           | 1 |  1.9
Maces & Flails | 1 |  1.9
Polearms       | 1 |  1.9
Staves         | 1 |  1.9
Slings         | 1 |  1.9
Bows           | 1 |  1.9
Crossbows      | 1 |  1.9
Throwing       | 1 |  1.9
Armour         | 1 |  1.9
Shields        | 1 |  1.9
Unarmed Combat | 1 |  1.9
Evocations     | 1 |  1.9
Conjurations   | 1 |  1.5
Hexes          | 1 |  1.5
Summonings     | 1 |  1.5
Necromancy     | 1 |  1.5
Translocations | 1 |  1.5
Transmutations | 1 |  1.5
Fire Magic     | 1 |  1.5
Air Magic      | 1 |  1.5
Earth Magic    | 1 |  1.5
Poison Magic   | 1 |  1.5
Dodging        | |  4.9
Stealth        | |  4.5
Ice Magic      | |  7.2

Action                   |  1- 3 |  4- 6 || total
-------------------------+-------+-------++-------
Melee: Unarmed           |    13 |       ||    13
       Bite              |     9 |     7 ||    16
       Dagger            |     9 |       ||     9
       Spear             |    89 |    48 ||   137
       Punch             |     1 |       ||     1
       Hand axe          |       |    46 ||    46
 Cast: Freeze            |    26 |    18 ||    44
       Ozocubu's Armour  |       |     4 ||     4
       Frozen Ramparts   |       |     3 ||     3
  Use: Scroll            |     4 |     2 ||     6
 Stab: Sleeping          |    12 |     5 ||    17
Armor: Robe              |    17 |    13 ||    30
       Skin              |       |     2 ||     2
Dodge: Dodged            |    76 |    70 ||   146

Table legend: (Time is in decaauts)
 A = Elapsed time spent in this place.
 B = Non-inter-level travel time spent in this place.
 C = Inter-level travel time spent in this place.
 D = Time resting spent in this place.
 E = Time spent auto-exploring this place.
 F = Levels seen in this place.
 G = Mean time per level.
                   A        B        C        D        E       F      G
               +--------+--------+--------+--------+--------+-----+--------+
         Total |   4333 |   4148 |    185 |      0 |   3502 |   4 | 1083.2 |
       Dungeon |   4333 |   4148 |    185 |      0 |   3502 |   4 | 1083.2 |
               +--------+--------+--------+--------+--------+-----+--------+

Top non-repeatable levels by time:
     D:2: 1813 daAuts
     D:1: 1427 daAuts
     D:3: 964 daAuts
     D:4: 128 daAuts
